Map: World of Sleepers LE

Players

Santos

  • Race: Zerg Zerg
  • League: Platinum
  • Spawn Location: 7:00

Tran (MeomaikA) - Winner!

  • Race: Zerg Zerg
  • Spawn Location: 1:00

Event: SEA Games 2019

VOD

https://youtu.be/ivav-q-CzKY

Description

Time

  • Played on: Dec. 5, 2019, 5:06 a.m.
  • Length: 5:52

All games in this series

Show
View Real Time Build Order
Export as new Build Order

Santos Zerg 

Build Orders: Hatch First 

Get SALT Encoding   

  12  0:03  Drone  
  13  0:12  Overlord  
  13  0:17  Drone  
  14  0:30  Drone x2  
  16  0:47  Hatchery  
  15  0:52  Drone  
  15  0:55  Drone  
  17  0:59  Drone  
  18  1:07  Extractor  
  17  1:13  Spawning Pool  
  17  1:18  Drone  
  17  1:20  Drone  
  18  1:30  Drone  
  19  1:42  Drone  
  20  1:52  Drone  
  21  1:59  Queen x2  
  25  2:02  Zergling x4  
  27  2:13  Drone, Evolution Chamber  
  27  2:17  Metabolic Boost  
  27  2:20  Overlord  
  27  2:29  Drone  
  28  2:38  Overlord  
  28  2:40  Drone  
  28  2:41  Drone  
  30  2:47  Zerg Melee Weapons Level 1  
  30  2:50  Overlord  
  30  2:59  Drone x3  
  33  3:09  Drone x5  
  38  3:18  Hatchery  
  37  3:26  Drone x3  
  40  3:33  Zergling x6  
  43  3:38  Zergling x2  
  43  3:39  Zergling x2  
  43  3:47  Evolution Chamber  
  43  3:49  Evolution Chamber  
  43  3:50  Evolution Chamber x2  
  43  3:53  Overlord x2  
  40  4:02  Overlord  
  41  4:16  Zergling x2  
  39  4:17  Zergling x12  
  39  4:19  Zergling x8  
  38  4:28  Zergling x2  
  38  4:29  Queen, Zergling x2  
  38  4:30  Queen  
  43  4:34  Zergling x2  
  44  4:40  Drone  
  44  4:55  Zergling x6  
  44  5:01  Zergling x2  
  44  5:08  Hatchery  
  44  5:09  Zergling x2  
  41  5:14  Zergling x2  
  39  5:22  Zergling x4  
  39  5:30  Zergling x2  
  39  5:34  Extractor, Zergling x2  
  39  5:36  Extractor  
Show
View Real Time Build Order
Export as new Build Order

Tran Zerg - Winner!

Build Orders: Pool First 

Get SALT Encoding   

  12  0:00  Drone  
  13  0:08  Drone  
  14  0:16  Overlord  
  14  0:23  Extractor, Drone  
  15  0:34  Drone x2  
  17  0:44  Spawning Pool  
  17  0:46  Drone  
  17  1:07  Hatchery  
  17  1:10  Drone  
  17  1:13  Extractor  
  17  1:14  Drone  
  17  1:19  Drone  
  18  1:31  Queen  
  18  1:32  Zergling x2  
  21  1:37  Drone  
  22  1:47  Overlord  
  22  2:06  Queen, Drone  
  25  2:10  Drone  
  25  2:12  Metabolic Boost  
  26  2:18  Queen  
  26  2:19  Drone  
  29  2:23  Drone  
  29  2:29  Drone  
  31  2:31  Drone  
  32  2:38  Drone x2  
  32  2:40  Drone  
  32  2:42  Drone  
  36  2:45  Baneling Nest  
  35  2:54  Overlord, Drone  
  36  3:13  Zergling x8  
  36  3:15  Zergling x4  
  36  3:17  Zergling x2  
  43  3:24  Zergling x2  
  43  3:26  Overlord x2  
  44  3:37  Hatchery  
  43  3:41  Drone  
  43  3:42  Overlord  
  43  3:45  Drone  
  43  3:46  Drone  
  46  3:50  Drone x2  
  46  3:51  Baneling  
  46  3:52  Baneling  
  46  3:53  Drone x3  
  51  3:57  Drone  
  51  3:58  Drone  
  51  3:59  Drone  
  51  4:01  Drone  
  54  4:03  Drone  
  54  4:15  Drone  
  54  4:16  Zergling x2  
  54  4:17  Extractor  
  54  4:19  Extractor  
  54  4:21  Drone x2  
  49  4:32  Zergling x4  
  49  4:34  Zergling x4  
  49  4:35  Zergling x2  
  49  4:36  Queen, Lair  
  56  4:43  Zergling x2  
  56  4:45  Zergling x2  
  58  4:48  Queen  
  58  4:49  Zergling x2  
  61  4:54  Zergling x2  
  61  4:56  Zergling x2  
  54  5:00  Zergling x2  
  54  5:05  Zergling x4  
  54  5:06  Zergling x4  
  55  5:07  Zergling x2  
  55  5:09  Zergling x2  
  55  5:10  Zergling x2  
  55  5:12  Queen  
  55  5:13  Zergling x2  
  54  5:16  Zergling x4  
  54  5:19  Zergling x2  
  54  5:24  Zergling x2  
  54  5:28  Zergling x2  
  56  5:30  Zergling x2  
  56  5:32  Drone  
  56  5:35  Drone  
  59  5:37  Spire, Drone  
  59  5:38  Drone  
Tags
 
Add a new tag
Caveats
  • Supply blocks, unpowered buildings, or Contaminate may cause inaccurate times.
  • Supply counts are checked every 10 seconds.